NCAA
ARKANSAS RAZORBACKS @ OREGON STATE BEAVERS
05/06/2027
 
TOP OF THE 1ST
Arkansas Razorbacks batting - Pitching for Oregon State Beavers : LHP Sterling Jones
Pitching: LHP Sterling Jones
Batting: RHB Wayne Workman 0-0: Ball
1-0: SINGLE (Line Drive, 78M)
Batting: RHB John Gauthier 0-0: Ball
1-0: Ball
2-0: SINGLE (Line Drive, 7S)
Wayne Workman to second
Batting: LHB Robert Mann 0-0: Fly out, F6 (Line Drive, 6M)
Batting: RHB Jon Anderson 0-0: Called Strike
0-1: Ball
1-1: Ball
2-1: Called Strike
2-2: 3-RUN HOME RUN (Flyball, 8LXD), Distance : 389 ft
Batting: LHB Jerry Casillas 0-0: Ball
1-0: Swinging Strike
1-1: Ball
2-1: Swinging Strike
2-2: Ball
3-2: Strikes out swinging
Batting: RHB Corey Nichols 0-0: Ball
1-0: Foul Ball, location: 2F
1-1: Foul Ball, location: 2F
1-2: Strikes out swinging
Top of the 1st over - 3 run(s), 3 hit(s), 0 error(s), 0 left on base; Arkansas 3 - Oregon State 0
BOTTOM OF THE 1ST
Oregon State Beavers batting - Pitching for Arkansas Razorbacks : RHP Orlando Peña
Pitching: RHP Orlando Peña
Batting: RHB Aubrey Hatfield 0-0: Ball
1-0: Ground out 5-3 (Groundball, 56S)
Batting: SHB Mac Jones 0-0: Ground out 4-3 (Groundball, 4S)
Batting: LHB Gary Cahill 0-0: Ball
1-0: DOUBLE (Line Drive, 9D)
Batting: RHB Lyndon Burnett 0-0: Ball
1-0: Called Strike
1-1: Foul Ball, location: 2F
1-2: Fly out, F4 (Popup, 4D)
Bottom of the 1st over - 0 run(s), 1 hit(s), 0 error(s), 1 left on base; Arkansas 3 - Oregon State 0
TOP OF THE 2ND
Arkansas Razorbacks batting - Pitching for Oregon State Beavers : LHP Sterling Jones
Batting: LHB Octávio Otero 0-0: Bunt missed!
0-1: Called Strike
0-2: Ball
1-2: Foul Ball, location: 2F
1-2: Ball
2-2: Foul Ball, location: 2F
2-2: Ball
3-2: Base on Balls
Batting: RHB Victor Beach 0-0: Swinging Strike
0-1: Ball
1-1: Ball
Wild Pitch!
Octávio Otero to second
2-1: Ball
3-1: Base on Balls
Batting: RHB Stuart Mitchell 0-0: Called Strike
0-1: Ball
1-1: SINGLE (Flyball, 9LS)
Octávio Otero to third
Victor Beach to second
Batting: RHB Wayne Workman 0-0: Called Strike
0-1: Called Strike
0-2: Ball
1-2: Strikes out swinging
Batting: RHB John Gauthier 0-0: SINGLE (Groundball, 6D)
Octávio Otero scores
Victor Beach to third
Stuart Mitchell to second
Batting: LHB Robert Mann 0-0: Called Strike
0-1: Called Strike
0-2: Ball
1-2: Ball
2-2: Foul Ball, location: 2F
2-2: Ball
3-2: Grounds into double play, 3-6-3 (Groundball, 3)
Top of the 2nd over - 1 run(s), 2 hit(s), 0 error(s), 2 left on base; Arkansas 4 - Oregon State 0
BOTTOM OF THE 2ND
Oregon State Beavers batting - Pitching for Arkansas Razorbacks : RHP Orlando Peña
Batting: SHB Andrew Byers 0-0: Called Strike
0-1: Called Strike
0-2: Ball
1-2: Ball
2-2: Foul Ball, location: 2F
2-2: Ball
3-2: Base on Balls
Batting: RHB Pablo Valadez 0-0: Ball
1-0: Fly out, F5 (Line Drive, 5)
Batting: RHB Jaime Álvarez 0-0: Ball
1-0: Foul Ball, location: 2F
1-1: Ball
2-1: Ball
3-1: Base on Balls
Andrew Byers to second
Batting: LHB Jon Jackson 0-0: Called Strike
0-1: Ball
1-1: Ball
2-1: Called Strike
2-2: Ball
3-2: Base on Balls
Andrew Byers to third
Jaime Álvarez to second
Batting: SHB Scotty Schmidt 0-0: Called Strike
0-1: Fielders Choice at 2nd, 4-6 (Groundball, 34)
Andrew Byers scores
Jaime Álvarez to third
Batting: RHB Aubrey Hatfield 0-0: Ball
1-0: Called Strike
Scotty Schmidt steals 2nd base
1-1: Ground out 4-3 (Groundball, 4M)
Bottom of the 2nd over - 1 run(s), 0 hit(s), 0 error(s), 2 left on base; Arkansas 4 - Oregon State 1
TOP OF THE 3RD
Arkansas Razorbacks batting - Pitching for Oregon State Beavers : LHP Sterling Jones
Batting: RHB Jon Anderson 0-0: Ball
1-0: Ball
2-0: Called Strike
2-1: Foul Ball, location: 2F
2-2: Ball
3-2: Foul Ball, location: 2F
3-2: SOLO HOME RUN (Flyball, 78XD), Distance : 373 ft
Batting: LHB Jerry Casillas 0-0: Called Strike
0-1: Called Strike
0-2: Strikes out looking
Batting: RHB Corey Nichols 0-0: Called Strike
0-1: Swinging Strike
0-2: Foul Ball, location: 2F
0-2: Ball
1-2: Ball
2-2: Strikes out looking
Batting: LHB Octávio Otero 0-0: Ball
1-0: Ball
2-0: Ball
3-0: Called Strike
3-1: Called Strike
3-2: Strikes out swinging
Top of the 3rd over - 1 run(s), 1 hit(s), 0 error(s), 0 left on base; Arkansas 5 - Oregon State 1
BOTTOM OF THE 3RD
Oregon State Beavers batting - Pitching for Arkansas Razorbacks : RHP Orlando Peña
Batting: SHB Mac Jones 0-0: Called Strike
0-1: Swinging Strike
0-2: Ball
1-2: Ball
2-2: Strikes out swinging
Batting: LHB Gary Cahill 0-0: Ball
1-0: Foul Ball, location: 2F
1-1: Fly out, F8 (Flyball, 8LM)
Batting: RHB Lyndon Burnett 0-0: Ball
1-0: Swinging Strike
1-1: Ball
2-1: Foul Ball, location: 2F
2-2: Foul Ball, location: 2F
2-2: SINGLE (Groundball, 34D)
Batting: SHB Andrew Byers 0-0: Ball
1-0: Foul Ball, location: 2F
1-1: Ball
2-1: 2-RUN HOME RUN (Flyball, 78XD), Distance : 386 ft
Batting: RHB Pablo Valadez 0-0: Called Strike
0-1: Called Strike
0-2: Ball
1-2: Strikes out looking
Bottom of the 3rd over - 2 run(s), 2 hit(s), 0 error(s), 0 left on base; Arkansas 5 - Oregon State 3
TOP OF THE 4TH
Arkansas Razorbacks batting - Pitching for Oregon State Beavers : LHP Sterling Jones
Batting: RHB Victor Beach 0-0: Ball
1-0: Ball
2-0: Ball
3-0: Called Strike
3-1: Ground out 2-3 (Groundball, 2R)
Batting: RHB Stuart Mitchell 0-0: Called Strike
0-1: Swinging Strike
0-2: Ball
1-2: Strikes out swinging
Batting: RHB Wayne Workman 0-0: Foul Ball, location: 2F
0-1: Ball
1-1: Fly out, F9 (Line Drive, 9)
Top of the 4th over - 0 run(s), 0 hit(s), 0 error(s), 0 left on base; Arkansas 5 - Oregon State 3
BOTTOM OF THE 4TH
Oregon State Beavers batting - Pitching for Arkansas Razorbacks : RHP Orlando Peña
Batting: RHB Jaime Álvarez 0-0: Called Strike
0-1: Called Strike
0-2: Ground out U3 (Groundball, 3L)
Batting: LHB Jon Jackson 0-0: Ball
1-0: Foul Ball, location: 2F
1-1: Swinging Strike
1-2: Strikes out looking
Batting: SHB Scotty Schmidt 0-0: Called Strike
0-1: Ball
1-1: Ball
2-1: Called Strike
2-2: Strikes out swinging
Bottom of the 4th over - 0 run(s), 0 hit(s), 0 error(s), 0 left on base; Arkansas 5 - Oregon State 3
TOP OF THE 5TH
Arkansas Razorbacks batting - Pitching for Oregon State Beavers : LHP Sterling Jones
Batting: RHB John Gauthier 0-0: Called Strike
0-1: Ball
1-1: Fly out, F6 (Popup, 56D)
Batting: LHB Robert Mann 0-0: Foul Ball, location: 2F
0-1: Fly out, F8 (Flyball, 8LXD)
Batting: RHB Jon Anderson 0-0: Ball
1-0: Fly out, F7 (Flyball, 7)
Top of the 5th over - 0 run(s), 0 hit(s), 0 error(s), 0 left on base; Arkansas 5 - Oregon State 3
BOTTOM OF THE 5TH
Oregon State Beavers batting - Pitching for Arkansas Razorbacks : RHP Joe Reed
Pitching: RHP Joe Reed
Batting: RHB Aubrey Hatfield 0-0: Called Strike
0-1: Ball
1-1: Foul Ball, location: 2F
1-2: Strikes out swinging
Batting: SHB Mac Jones 0-0: SINGLE (Flyball, 7LS)
Batting: LHB Gary Cahill 0-0: Called Strike
0-1: Ball
Mac Jones steals 2nd base
1-1: Fly out, F7 (Flyball, 7S)
Batting: RHB Lyndon Burnett 0-0: Swinging Strike
0-1: Foul Ball, location: 2F
0-2: Foul Ball, location: 2F
0-2: Foul Ball, location: 2F
0-2: SINGLE (Groundball, 34D)
Mac Jones to third
Runner from 3rd tries for Home, SAFE, no throw
Batting: SHB Andrew Byers 0-0: Ball
1-0: Swinging Strike
1-1: Ground out 4-3 (Groundball, 34)
Bottom of the 5th over - 1 run(s), 2 hit(s), 0 error(s), 1 left on base; Arkansas 5 - Oregon State 4
TOP OF THE 6TH
Arkansas Razorbacks batting - Pitching for Oregon State Beavers : LHP Sterling Jones
Batting: LHB Jerry Casillas 0-0: Called Strike
0-1: Foul Ball, location: 2F
0-2: Foul Ball, location: 2F
0-2: Foul Ball, location: 2F
0-2: Ball
1-2: Strikes out swinging
Batting: RHB Corey Nichols 0-0: Ball
1-0: Ground out 6-3 (Groundball, 6)
Batting: LHB Octávio Otero 0-0: Called Strike
0-1: Swinging Strike
0-2: Foul Ball, location: 2F
0-2: Fly out, F6 (Flyball, 6MD)
Top of the 6th over - 0 run(s), 0 hit(s), 0 error(s), 0 left on base; Arkansas 5 - Oregon State 4
BOTTOM OF THE 6TH
Oregon State Beavers batting - Pitching for Arkansas Razorbacks : RHP Joe Reed
Batting: RHB Pablo Valadez 0-0: Ball
1-0: Called Strike
1-1: Ball
2-1: Foul Ball, location: 2F
2-2: Strikes out swinging
Batting: RHB Jaime Álvarez 0-0: Foul Ball, location: 2F
0-1: Ball
1-1: Foul Ball, location: 2F
1-2: Ground out 6-3 (Groundball, 6)
Batting: LHB Jon Jackson 0-0: SOLO HOME RUN (Flyball, 89XD), Distance : 388 ft
Batting: SHB Scotty Schmidt 0-0: Ball
1-0: Ball
2-0: Ball
3-0: Called Strike
3-1: Base on Balls
Pitching: LHP Rich Marshall
Batting: RHB Aubrey Hatfield 0-0: Ball
1-0: Foul Ball, location: 2F
1-1: Ball
2-1: Foul Ball, location: 2F
2-2: Ball
3-2: Base on Balls
Scotty Schmidt to second
Batting: SHB Mac Jones 0-0: SINGLE (Groundball, 56D)
Scotty Schmidt to third
Aubrey Hatfield to second
Runner from 3rd tries for Home, SAFE, no throw
Batting: LHB Gary Cahill 0-0: Swinging Strike
0-1: Foul Ball, location: 2F
0-2: Strikes out swinging
Bottom of the 6th over - 2 run(s), 2 hit(s), 0 error(s), 2 left on base; Arkansas 5 - Oregon State 6
TOP OF THE 7TH
Arkansas Razorbacks batting - Pitching for Oregon State Beavers : LHP Sterling Jones
Batting: RHB Victor Beach 0-0: Swinging Strike
0-1: Foul Ball, location: 2F
0-2: Strikes out swinging
Batting: RHB Stuart Mitchell 0-0: Called Strike
0-1: SINGLE (Flyball, 89S)
Pitching: RHP Paul Gallagher
Batting: RHB Wayne Workman 0-0: Ball
1-0: Foul Ball, location: 2F
1-1: Swinging Strike
1-2: Ball
2-2: Strikes out swinging
Batting: RHB John Gauthier 0-0: Ball
1-0: Called Strike
1-1: Ball
2-1: Ball
3-1: Fielders Choice at 2nd, 4-6 (Groundball, 4)
Top of the 7th over - 0 run(s), 1 hit(s), 0 error(s), 0 left on base; Arkansas 5 - Oregon State 6
BOTTOM OF THE 7TH
Oregon State Beavers batting - Pitching for Arkansas Razorbacks : LHP Rich Marshall
Batting: RHB Lyndon Burnett 0-0: Foul Ball, location: 2F
0-1: SINGLE (Groundball, 6MD)
Pinch Hitting: RHB Michael Kissinger 0-0: Ball
1-0: Ball
2-0: Ball
3-0: Called Strike
3-1: Foul Ball, location: 2F
3-2: Base on Balls
Lyndon Burnett to second
Batting: RHB Pablo Valadez 0-0: Ball
1-0: Foul Ball, location: 2F
1-1: Sac Bunt - play at third, runner safe!
Michael Kissinger to second
Batting: RHB Jaime Álvarez 0-0: Called Strike
0-1: Swinging Strike
0-2: Grounds into fielders choice 6-2 (Groundball, 6)
Michael Kissinger to third
Pablo Valadez to second
Batting: LHB Jon Jackson 0-0: Called Strike
0-1: Swinging Strike
0-2: Fly out, F7 (Flyball, 7S)
Batting: SHB Scotty Schmidt 0-0: Ball
1-0: Ball
2-0: Ball
3-0: Called Strike
3-1: Base on Balls
Michael Kissinger scores
Pablo Valadez to third
Jaime Álvarez to second
Batting: RHB Aubrey Hatfield 0-0: Foul Ball, location: 2F
0-1: Called Strike
0-2: Ball
1-2: Ball
2-2: Ball
3-2: Ground out 5-3 (Groundball, 5)
Bottom of the 7th over - 1 run(s), 1 hit(s), 0 error(s), 3 left on base; Arkansas 5 - Oregon State 7
TOP OF THE 8TH
Arkansas Razorbacks batting - Pitching for Oregon State Beavers : RHP Paul Gallagher
Now in RF: Brandon Hathaway
Batting: LHB Robert Mann 0-0: Ball
1-0: Called Strike
1-1: Foul Ball, location: 2F
1-2: Foul Ball, location: 2F
1-2: Ball
2-2: SINGLE (Flyball, 9LS)
Pitching: LHP Tony Grimes
Batting: RHB Jon Anderson 0-0: Ball
1-0: Called Strike
1-1: Ball
2-1: Foul Ball, location: 2F
2-2: DOUBLE (Line Drive, 9LS)
Robert Mann to third
Batting: LHB Jerry Casillas 0-0: Ball
1-0: Swinging Strike
1-1: Foul Ball, location: 2F
1-2: Ball
2-2: Strikes out swinging
Pitching: LHP Carroll O'Donovan
Batting: RHB Corey Nichols 0-0: Ball
1-0: Fly out, F7 (Flyball, 78M)
Batting: LHB Octávio Otero 0-0: Called Strike
0-1: Ball
1-1: Foul Ball, location: 2F
1-2: Foul Ball, location: 2F
1-2: Ball
2-2: Foul Ball, location: 2F
2-2: Foul Ball, location: 2F
2-2: Ball
3-2: SINGLE (Line Drive, 89M)
Robert Mann scores
Jon Anderson to third
Jon Anderson scores
Pitching: RHP Andrew Shannon
Batting: RHB Victor Beach 0-0: Ground out 5-3 (Groundball, 56S)
Top of the 8th over - 2 run(s), 3 hit(s), 0 error(s), 1 left on base; Arkansas 7 - Oregon State 7
BOTTOM OF THE 8TH
Oregon State Beavers batting - Pitching for Arkansas Razorbacks : LHP Rich Marshall
Batting: SHB Mac Jones 0-0: Ball
1-0: Called Strike
1-1: Called Strike
1-2: Fly out, F9 (Flyball, 9S)
Pinch Hitting: RHB Ernesto García 0-0: Ball
1-0: Called Strike
1-1: Foul Ball, location: 2F
1-2: DOUBLE (Line Drive, 78D)
Batting: RHB Lyndon Burnett 0-0: Intentional Walk
Batting: SHB Brandon Hathaway 0-0: Ball
1-0: Called Strike
1-1: Swinging Strike
1-2: Grounds into double play, 4-6-3 (Groundball, 4)
Bottom of the 8th over - 0 run(s), 1 hit(s), 0 error(s), 1 left on base; Arkansas 7 - Oregon State 7
TOP OF THE 9TH
Arkansas Razorbacks batting - Pitching for Oregon State Beavers : RHP Andrew Shannon
Now at C: Ernesto García
Batting: RHB Stuart Mitchell 0-0: Called Strike
0-1: Fly out, F2 (Popup, 23)
Batting: RHB Wayne Workman 0-0: Called Strike
0-1: Ball
1-1: Called Strike
1-2: Ball
2-2: SINGLE (Line Drive, 4D)
Pitching: RHP Daron Morán
Batting: RHB John Gauthier 0-0: Ball
1-0: Ball
2-0: Called Strike
2-1: Called Strike
2-2: Strikes out swinging
Batting: LHB Robert Mann 0-0: SINGLE (Flyball, 8RS)
Wayne Workman to second
Runner from 2nd tries for 3rd, SAFE, no throw
Batting: RHB Jon Anderson 0-0: Swinging Strike
0-1: Ground out U3 (Groundball, 3)
Top of the 9th over - 0 run(s), 2 hit(s), 0 error(s), 2 left on base; Arkansas 7 - Oregon State 7
BOTTOM OF THE 9TH
Oregon State Beavers batting - Pitching for Arkansas Razorbacks : LHP Rich Marshall
Pitching: RHP Fernando Villarroel
Batting: RHB Pablo Valadez 0-0: Called Strike
0-1: Called Strike
0-2: Ball
1-2: Strikes out swinging
Pinch Hitting: RHB Brian Andrews 0-0: Foul Ball, location: 2F
0-1: Fly out, F9 (Flyball, 9S)
Batting: LHB Jon Jackson 0-0: Called Strike
0-1: Ball
1-1: Ball
2-1: Called Strike
2-2: Ball
3-2: Foul Ball, location: 2F
3-2: Ground out 3-1 (Groundball, 34)
Bottom of the 9th over - 0 run(s), 0 hit(s), 0 error(s), 0 left on base; Arkansas 7 - Oregon State 7
TOP OF THE 10TH
Arkansas Razorbacks batting - Pitching for Oregon State Beavers : RHP Daron Morán
Now at 1B: Brian Andrews
Batting: LHB Jerry Casillas 0-0: Called Strike
0-1: Ball
1-1: Ball
2-1: Ball
3-1: Foul Ball, location: 2F
3-2: SINGLE (Groundball, 34D)
Pitching: LHP Clint Lutz
Batting: RHB Corey Nichols 0-0: Bunted foul
0-1: Bunted foul
0-2: Ball
1-2: Ball
2-2: Ball
3-2: Strikes out looking
Batting: LHB Octávio Otero 0-0: Ball
1-0: Single, Error in OF, E8, batter to second base
Jerry Casillas to third
Batting: RHB Victor Beach 0-0: Called Strike
0-1: Foul Ball, location: 2F
0-2: Foul Ball, location: 2F
0-2: Ball
1-2: Strikes out swinging
Batting: RHB Stuart Mitchell 0-0: Ball
1-0: Called Strike
1-1: Called Strike
1-2: SINGLE (Groundball, 6MD)
Jerry Casillas scores
Octávio Otero to third
Runner from 3rd tries for Home, SAFE, no throw
Batting: RHB Wayne Workman 0-0: Ball
1-0: Foul Ball, location: 2F
1-1: Foul Ball, location: 2F
1-2: SINGLE (Line Drive, 7LS)
Stuart Mitchell to second
Batting: RHB John Gauthier 0-0: SINGLE (Popup, 6MD)
Stuart Mitchell to third
Wayne Workman to second
Runner from 3rd tries for Home, SAFE, no throw
Batting: LHB Robert Mann 0-0: Ball
1-0: Foul Ball, location: 2F
1-1: Ball
2-1: Ball
3-1: Foul Ball, location: 2F
3-2: Foul Ball, location: 2F
3-2: Fly out, F4 (Line Drive, 4)
Top of the 10th over - 3 run(s), 5 hit(s), 1 error(s), 2 left on base; Arkansas 10 - Oregon State 7
BOTTOM OF THE 10TH
Oregon State Beavers batting - Pitching for Arkansas Razorbacks : RHP Fernando Villarroel
Pitching: LHP Júlio Flores
Batting: SHB Scotty Schmidt 0-0: Ball
1-0: Ball
2-0: Ball
3-0: Called Strike
3-1: Base on Balls
Batting: RHB Aubrey Hatfield 0-0: Ball
1-0: Grounds into double play, 5-4-3 (Groundball, 56)
Batting: SHB Mac Jones 0-0: Ball
1-0: Ground out 4-3 (Groundball, 4S)
Bottom of the 10th over - 0 run(s), 0 hit(s), 0 error(s), 0 left on base; Arkansas 10 - Oregon State 7
Thursday, March 30th, 2017 - OOTP Baseball 17.12 Build 75